[Event "Titled Tuesday Blitz August 15 Early 2023"]
[White "Klukin, Kirill"]
[Black "Thecourseoisildur"]
[WhiteFideId "24199273"]
[WhiteElo "2814"]
[BlackElo "2553"]
[Result "1-0"]
[Round "4"]
[TimeControl "180+1"]
[Date "2023.08.15"]
[WhiteClock "0:01:19"]
[BlackClock "0:00:00"]
[Board "53"]

1. d4 Nf6 2. c4 g6 3. Nc3 d5 4. cxd5 Nxd5 5. Bd2 Bg7 6. e4 Nxc3 7. Bxc3 O-O 8. Be2 c5 9. d5 Bxc3+ 10. bxc3 e6 11. c4 exd5 12. exd5 Nd7 13. Nf3 Qf6 14. O-O Qd6 15. Re1 b6 16. a4 Ba6 17. a5 Rfe8 18. Qc2 Ne5 19. Nd2 Qf6 20. Ra3 Bb7 21. h3 Qg5 22. Ne4 Qf5 23. Bg4 Nxg4 24. hxg4 Qe5 25. Rae3 Qd4 26. Nf6+ Qxf6 27. Rxe8+ Rxe8 28. Rxe8+ Kg7 29. axb6 axb6 30. Re3 Qf4 31. Qc3+ Kh6 32. Qe5 Qxg4 33. Rh3+ 1-0


[Site "https://www.chess.com"]

[Event "Titled Tuesday Blitz August 15 Early 2023"]
[White "Putnam, Liam"]
[Black "Sreyas Payyappat"]
[WhiteFideId "30938279"]
[BlackFideId "46674969"]
[WhiteElo "2813"]
[BlackElo "2552"]
[Result "1-0"]
[Round "4"]
[TimeControl "180+1"]
[Date "2023.08.15"]
[WhiteClock "0:00:18"]
[BlackClock "0:00:12"]
[Board "54"]

1. d4 Nf6 2. c4 c5 3. d5 e6 4. Nc3 exd5 5. cxd5 d6 6. e4 g6 7. h3 Bg7 8. Bd3 O-O 9. Nf3 b5 10. Nxb5 Nxe4 11. O-O Re8 12. Re1 Nf6 13. Bf4 Rxe1+ 14. Qxe1 Ne8 15. Qe2 Ba6 16. Nxd6 Nxd6 17. Bxa6 Nxa6 18. Qxa6 Nf5 19. Rd1 Bxb2 20. d6 Nd4 21. Nxd4 Bxd4 22. Qb7 Rb8 23. Qc7 Rc8 24. Qxa7 Qf6 25. Bg3 Rd8 26. Qc7 Kg7 27. a4 c4 28. Qxc4 Rxd6 29. Bxd6 Qxf2+ 30. Kh1 Be3 31. Be5+ Kh6 32. Qf1 Qc2 33. Bf4+ Bxf4 34. Qxf4+ Kg7 35. Qd4+ f6 36. a5 Kh6 37. a6 Qa2 38. a7 Qa6 39. Qf4+ g5 40. Qd6 Qe2 41. Qxf6+ Kh5 42. Qf3+ Qxf3 43. gxf3 Kh4 44. a8=Q h5 45. Qe4+ Kxh3 46. Qf5+ Kh4 47. Rd4+ Kg3 48. Qxg5+ Kxf3 49. Rf4+ Ke3 50. Qe5+ Kd3 51. Rd4+ Kc3 52. Qc5+ Kb3 53. Rb4+ Ka3 54. Qa5# 1-0


[Site "https://www.chess.com"]

[Event "Titled Tuesday Blitz August 15 Early 2023"]
[White "Postlmayer, Jakob"]
[Black "Beerdsen, Thomas"]
[WhiteFideId "1643622"]
[BlackFideId "1030108"]
[WhiteElo "2548"]
[BlackElo "2805"]
[Result "1-0"]
[Round "4"]
[TimeControl "180+1"]
[Date "2023.08.15"]
[WhiteClock "0:01:26"]
[BlackClock "0:02:00"]
[Board "55"]

1. e4 e5 2. Nf3 Nc6 3. Bb5 f5 4. d3 fxe4 5. dxe4 Nf6 6. O-O d6 7. Bc4 Na5 8. Be2 Nc6 9. Bc4 Be7 10. a4 Bg4 11. Nbd2 Qd7 12. Re1 O-O-O 13. a5 a6 14. c3 Kb8 15. b4 d5 16. exd5 Nxd5 17. Qb3 Nf4 18. b5 Bxf3 19. Nxf3 Qg4 20. Bxf4 Nb4 21. Bxe5 axb5 22. Bxb5 Rd5 23. cxb4 Rxb5 24. Bxc7+ Kxc7 25. Rxe7+ Kb8 26. a6 Rxb4 27. Rxb7+ 1-0


[Site "https://www.chess.com"]

[Event "Titled Tuesday Blitz August 15 Early 2023"]
[White "Mogirzan, Matei-Valeriu"]
[Black "Rustemov, Alexander"]
[WhiteFideId "1257455"]
[BlackFideId "4119002"]
[WhiteElo "2545"]
[BlackElo "2773"]
[Result "0-1"]
[Round "4"]
[TimeControl "180+1"]
[Date "2023.08.15"]
[WhiteClock "0:00:00"]
[BlackClock "0:00:46"]
[Board "56"]

1. e4 e6 2. d4 d5 3. Nd2 dxe4 4. Nxe4 Bd7 5. Nf3 Bc6 6. Neg5 Nd7 7. Bd3 Ngf6 8. Qe2 Qe7 9. c4 h6 10. Ne4 Nxe4 11. Bxe4 Bxe4 12. Qxe4 O-O-O 13. O-O g5 14. c5 c6 15. b4 Bg7 16. Rb1 f5 17. Qe2 g4 18. b5 gxf3 19. Qxf3 cxb5 20. Rxb5 Nb8 21. Bf4 Nc6 22. Rfb1 Nxd4 23. Qxb7+ Qxb7 24. Rxb7 Ne2+ 25. Kh1 Nxf4 26. Rxg7 Rd7 27. Rg3 Kc7 28. Rgb3 Kc6 29. g3 Nd5 30. Ra3 Kxc5 31. Ra6 Re8 32. Rc1+ Kd4 33. f4 Rb7 34. Rd1+ Ke3 35. Ra3+ Ke2 36. Rad3 Rb2 37. g4 Ne3 38. R1d2+ Rxd2 0-1


[Site "https://www.chess.com"]

[Event "Titled Tuesday Blitz August 15 Early 2023"]
[White "Schmakel, Sam"]
[Black "Akhmetov, Ayan"]
[WhiteFideId "2039311"]
[BlackFideId "13703706"]
[WhiteElo "2767"]
[BlackElo "2545"]
[Result "1-0"]
[Round "4"]
[TimeControl "180+1"]
[Date "2023.08.15"]
[WhiteClock "0:00:03"]
[BlackClock "0:00:00"]
[Board "57"]

1. d4 e6 2. c4 d5 3. Nf3 Nf6 4. g3 Bd6 5. Bg2 O-O 6. O-O Nc6 7. Nbd2 Ne4 8. Nxe4 dxe4 9. Ng5 f5 10. d5 Ne5 11. Nxe6 Bxe6 12. dxe6 Qe7 13. c5 Bxc5 14. Qd5 Ng4 15. Bg5 Qd6 16. Qb3 Rae8 17. e7+ Rf7 18. Rad1 Qc6 19. Rd8 h6 20. Rxe8+ Qxe8 21. Rd1 Bxe7 22. Bxe7 Qxe7 23. Qxb7 Qc5 24. e3 Qc2 25. Rf1 c5 26. Qb5 Kh7 27. h3 Ne5 28. Qe8 Qxb2 29. Rd1 Nd3 30. Qxf7 Qxf2+ 31. Kh2 Ne5 32. Qe6 Nf3+ 33. Kh1 Qxg3 34. Qxf5+ g6 35. Qf4 Qxf4 36. exf4 1-0


[Site "https://www.chess.com"]

[Event "Titled Tuesday Blitz August 15 Early 2023"]
[White "Hambleton, Aman"]
[Black "Al-Tarboush, Ward"]
[WhiteFideId "2606577"]
[BlackFideId "7601450"]
[WhiteElo "2759"]
[BlackElo "2544"]
[Result "1-0"]
[Round "4"]
[TimeControl "180+1"]
[Date "2023.08.15"]
[WhiteClock "0:00:05"]
[BlackClock "0:00:12"]
[Board "58"]

1. d4 d5 2. Bf4 Nf6 3. e3 c5 4. c3 Nc6 5. Nd2 Bf5 6. Qb3 Qc8 7. dxc5 e5 8. Bg5 Be6 9. Bxf6 gxf6 10. e4 dxe4 11. Bc4 f5 12. g4 Bxc5 13. gxf5 Bxf5 14. Bxf7+ Ke7 15. Bd5 e3 16. fxe3 Bxe3 17. Qa3+ Kd7 18. Nc4 Bf4 19. Qd6+ Ke8 20. Qf6 Rf8 21. Bf7+ Rxf7 22. Nd6+ Kd7 23. Nxf7 Kc7 24. Nd6 Qe6 25. Qxf5 Qxd6 26. Rd1 Qc5 27. Qxh7+ Kb6 28. Qe4 Rg8 29. Nf3 Rg2 30. Nd4 exd4 31. Qxg2 dxc3 32. bxc3 Qxc3+ 33. Kf1 Qf6 34. Qf2+ Ka6 35. h4 Ne5 36. Rh3 b6 37. Ra3+ Kb7 38. Rf3 Nxf3 39. Qxf3+ Ka6 40. Qe2+ Kb7 41. Rd7+ Kc6 42. Rd3 Be3+ 43. Kg2 Qg7+ 44. Kf3 Bc5 45. Qe6+ Kb5 46. Qd7+ Qxd7 47. Rxd7 a5 48. h5 Bf8 49. Rf7 Bh6 50. Rf6 Bg5 51. Rf5+ 1-0


[Site "https://www.chess.com"]

[Event "Titled Tuesday Blitz August 15 Early 2023"]
[White "Toncheva, Nadya"]
[Black "Trost, Edvin"]
[WhiteFideId "2924056"]
[BlackFideId "1729519"]
[WhiteElo "2544"]
[BlackElo "2754"]
[Result "1-0"]
[Round "4"]
[TimeControl "180+1"]
[Date "2023.08.15"]
[WhiteClock "0:00:14"]
[BlackClock "0:01:53"]
[Board "59"]

1. d4 Nf6 2. c4 c5 3. d5 b5 4. cxb5 a6 5. Nc3 axb5 6. e4 b4 7. Nb5 d6 8. Bf4 g6 9. e5 Nh5 10. exd6 exd6 11. Qe2+ Be7 12. Bxd6 Kf8 13. Bxb8 Rxb8 14. Qe5 Bf6 15. Qxb8 Kg7 16. Be2 Qxd5 17. Nf3 Re8 18. O-O Bd7 19. Nc7 Rxb8 20. Nxd5 Bxb2 21. Rab1 Ba3 22. Bc4 Kh6 23. Ne5 Be6 24. Ne3 Ng7 25. Nxf7+ Bxf7 26. Bxf7 Nh5 27. Bc4 Nf4 28. g3 Nh3+ 29. Kg2 Ng5 30. f3 Re8 31. Rfe1 Kg7 32. h4 Ne6 33. Ng4 Nc7 34. Rxe8 Nxe8 35. Rd1 Nd6 36. Rxd6 b3 37. axb3 h5 38. Ne5 Bb2 39. Rxg6+ Kh7 40. Re6 Bc1 41. Bd3+ Kh8 42. Rg6 c4 43. bxc4 Bb2 44. Nf7+ Kh7 45. c5 Be5 46. Rg4# 1-0


[Site "https://www.chess.com"]

[Event "Titled Tuesday Blitz August 15 Early 2023"]
[White "Lobanov, Sergei"]
[Black "Perdomo, Carlos Andres"]
[WhiteFideId "24183750"]
[BlackFideId "4400852"]
[WhiteElo "2750"]
[BlackElo "2543"]
[Result "0-1"]
[Round "4"]
[TimeControl "180+1"]
[Date "2023.08.15"]
[WhiteClock "0:00:00"]
[BlackClock "0:00:17"]
[Board "60"]

1. d4 d5 2. c4 c6 3. Nf3 Nf6 4. e3 e6 5. b3 Nbd7 6. Bb2 Bd6 7. Bd3 Qe7 8. Nc3 dxc4 9. Bxc4 e5 10. d5 Nb6 11. dxc6 bxc6 12. Be2 O-O 13. Qc2 a5 14. Ng5 a4 15. bxa4 h6 16. h4 Bb4 17. Kf1 Bxc3 18. Bxc3 Nxa4 19. Be1 Qc5 20. Qxc5 Nxc5 21. Nf3 Re8 22. Bc3 Bg4 23. Nxe5 Bxe2+ 24. Kxe2 Na4 25. Rhc1 Nxc3+ 26. Rxc3 Rxe5 27. Rxc6 Rea5 28. Rc2 Nd5 29. Kf3 Ra4 30. g3 Nb4 31. Rc7 Rxa2 32. Rd1 R2a7 33. Rc4 Rb7 34. Rb1 Rab8 35. Rd1 Rb6 36. h5 Rf6+ 37. Kg2 Nc6 38. f4 Re6 39. Rd3 Rbe8 40. Kf3 Ne7 41. e4 Rc6 42. Rcd4 Rec8 43. e5 Nf5 44. Rd8+ Rxd8 45. Rxd8+ Kh7 46. Kg4 Ne3+ 47. Kf3 Rc3 48. Ke4 Nf1 49. g4 Ng3+ 50. Kd4 Rf3 51. f5 Rf4+ 52. Kd5 Rxg4 53. e6 Nxf5 54. exf7 Rd4+ 55. Ke5 Rxd8 56. Kxf5 Rf8 57. Ke6 g5 0-1


[Site "https://www.chess.com"]

[Event "Titled Tuesday Blitz August 15 Early 2023"]
[White "Grebeniuk, Semen"]
[Black "Badmatsyrenov, Oleg"]
[WhiteFideId "14117509"]
[BlackFideId "24115762"]
[WhiteElo "2540"]
[BlackElo "2746"]
[Result "0-1"]
[Round "4"]
[TimeControl "180+1"]
[Date "2023.08.15"]
[WhiteClock "0:00:03"]
[BlackClock "0:00:07"]
[Board "61"]

1. d4 Nf6 2. Nf3 c5 3. e3 g6 4. b3 Bg7 5. Bb2 O-O 6. Nbd2 d5 7. dxc5 Qa5 8. Bd3 Qxc5 9. O-O Nc6 10. a3 Re8 11. b4 Qb6 12. c4 Bg4 13. h3 Bxf3 14. Nxf3 Rad8 15. c5 Qc7 16. Rc1 e5 17. Be2 a6 18. Qa4 d4 19. exd4 exd4 20. Bc4 Nd5 21. Qb3 Nf4 22. Rfd1 Qd7 23. Bf1 Qd5 24. Qxd5 Rxd5 25. g3 Ne2+ 26. Bxe2 Rxe2 27. Rd2 d3 28. Bxg7 Kxg7 29. Rcd1 Rxd2 30. Rxd2 Kf6 31. Kg2 Ke6 32. h4 f6 33. Kf1 Ne5 34. Nxe5 Kxe5 35. Ke1 Kd4 36. Rd1 Re5+ 37. Kf1 Kc3 38. g4 Kc2 39. Ra1 d2 40. f4 Re4 41. Ra2+ Kd3 42. Ra1 Rxf4+ 43. Kg2 Rxg4+ 44. Kf3 Rc4 45. b5 Rxc5 46. h5 gxh5 47. bxa6 bxa6 48. a4 Rc1 0-1


[Site "https://www.chess.com"]

[Event "Titled Tuesday Blitz August 15 Early 2023"]
[White "Kosteniuk, Alexandra"]
[Black "Jaskolka, Tomasz"]
[WhiteFideId "4128125"]
[BlackFideId "1170791"]
[WhiteElo "2743"]
[BlackElo "2540"]
[Result "1/2-1/2"]
[Round "4"]
[TimeControl "180+1"]
[Date "2023.08.15"]
[WhiteClock "0:00:16"]
[BlackClock "0:00:04"]
[Board "62"]

1. e4 d5 2. exd5 Nf6 3. Nc3 Nxd5 4. Nxd5 Qxd5 5. Nf3 Nc6 6. Be2 Bf5 7. d3 e6 8. O-O Be7 9. a3 O-O 10. b4 Bf6 11. Rb1 Rfd8 12. Bb2 Bxb2 13. Rxb2 Nd4 14. Nxd4 Qxd4 15. Rb3 e5 16. Bf3 c6 17. Qa1 a6 18. a4 Be6 19. Rbb1 Qxa1 20. Rxa1 Bd5 21. Bxd5 Rxd5 22. Rfe1 f6 23. Re4 Rad8 24. f3 Kf7 25. Kf2 Ke6 26. Rb1 Rd4 27. Ke3 f5 28. Rxd4 Rxd4 29. c3 Rd5 30. h4 g6 31. g3 h6 32. f4 exf4+ 33. gxf4 Kf6 34. d4 Rd7 35. b5 cxb5 36. axb5 Re7+ 37. Kf3 Rc7 38. Rb3 axb5 39. Ke3 Re7+ 40. Kd3 Re4 41. Rxb5 Rxf4 42. Rb6+ Kf7 43. Rxb7+ Kf6 44. Rb6+ Kf7 45. c4 Rxh4 46. c5 Rh3+ 47. Kc4 Rh1 48. Kd5 g5 49. c6 Rc1 50. Ke5 f4 51. d5 f3 52. Rb2 g4 53. d6 Rxc6 54. Rb7+ Ke8 55. Ke6 Rxd6+ 56. Kxd6 g3 57. Rb3 f2 58. Re3+ Kf7 59. Rf3+ Ke8 60. Re3+ Kf7 61. Rf3+ Ke8 62. Re3+ 1/2-1/2


[Site "https://www.chess.com"]

[Event "Titled Tuesday Blitz August 15 Early 2023"]
[White "Stribuk, Artiom"]
[Black "Gontcharov, Vladislav"]
[WhiteFideId "13515659"]
[BlackFideId "4123492"]
[WhiteElo "2741"]
[BlackElo "2539"]
[Result "1-0"]
[Round "4"]
[TimeControl "180+1"]
[Date "2023.08.15"]
[WhiteClock "0:00:09"]
[BlackClock "0:00:00"]
[Board "63"]

1. c4 Nf6 2. Nc3 c5 3. e3 g6 4. d4 Bg7 5. Nf3 cxd4 6. exd4 d5 7. cxd5 Nxd5 8. Bc4 Nxc3 9. bxc3 O-O 10. O-O Nc6 11. Re1 Na5 12. Bd3 Be6 13. Ng5 Bd5 14. Qg4 e6 15. Qh3 h6 16. Ne4 f5 17. Nc5 Kf7 18. Bf4 b6 19. Na6 Rc8 20. Rac1 Nc4 21. Nb4 Qd7 22. Be5 a5 23. Nxd5 Qxd5 24. Bxg7 Kxg7 25. Re2 Rfe8 26. Rce1 Nd6 27. Bb1 Nf7 28. Qd3 b5 29. h3 Rc4 30. a3 b4 31. axb4 axb4 32. Ba2 Nd6 33. Bxc4 Nxc4 34. cxb4 Nd6 35. Re5 Qa2 36. d5 Ne4 37. Qd4 Kf7 38. Rxe6 Rxe6 39. dxe6+ Kxe6 40. f3 1-0


[Site "https://www.chess.com"]

[Event "Titled Tuesday Blitz August 15 Early 2023"]
[White "Benedetti, Julio"]
[Black "Gritsenko, Nikolai"]
[WhiteFideId "172545"]
[BlackFideId "14112493"]
[WhiteElo "2534"]
[BlackElo "2740"]
[Result "0-1"]
[Round "4"]
[TimeControl "180+1"]
[Date "2023.08.15"]
[WhiteClock "0:00:04"]
[BlackClock "0:00:12"]
[Board "64"]

1. e4 d5 2. Nc3 d4 3. Nce2 e5 4. Nf3 Bd6 5. Ng3 Ne7 6. Bc4 h6 7. d3 Be6 8. Bxe6 fxe6 9. Nh4 g5 10. Qh5+ Kd7 11. Nf3 Nbc6 12. a3 Qe8 13. Qg4 Qf7 14. h4 gxh4 15. Rxh4 Rag8 16. Qh3 Ng6 17. Rxh6 Rxh6 18. Qxh6 Rh8 19. Qg5 Nf4 20. Bxf4 exf4 21. Nf1 Rg8 22. Qb5 a6 23. Qxb7 Rxg2 24. Qxa6 Qh5 25. N3d2 Ne5 26. Qa4+ Ke7 27. Qxd4 Kf7 28. a4 Bc5 29. Qxc5 Nxd3+ 30. cxd3 Qxc5 31. Ra3 Qxf2+ 32. Kd1 Qe2+ 33. Kc2 Qxf1 34. a5 Qe1 0-1


[Site "https://www.chess.com"]

[Event "Titled Tuesday Blitz August 15 Early 2023"]
[White "Ginzburg, Yakov"]
[Black "Brodowski, Piotr"]
[WhiteFideId "4157176"]
[BlackFideId "1124480"]
[WhiteElo "2531"]
[BlackElo "2738"]
[Result "0-1"]
[Round "4"]
[TimeControl "180+1"]
[Date "2023.08.15"]
[WhiteClock "0:00:00"]
[BlackClock "0:00:08"]
[Board "65"]

1. d4 d6 2. e4 g6 3. h4 h6 4. h5 g5 5. f4 gxf4 6. Bxf4 Bg7 7. c3 Nf6 8. Nd2 a6 9. a4 Bg4 10. Be2 Qd7 11. Bxg4 Qxg4 12. Qxg4 Nxg4 13. Ngf3 Nc6 14. Ke2 e6 15. Rh4 Nf6 16. g4 Kd7 17. Rg1 Rag8 18. g5 hxg5 19. Rxg5 Bh6 20. Rxg8 Nxg8 21. Nf1 Bxf4 22. Rxf4 Nh6 23. Ng3 Ke7 24. Nh2 Rg8 25. Kf3 Rh8 26. Ng4 e5 27. Nxh6 exf4 28. Ngf5+ Kf8 29. Kxf4 Ne7 30. Kg5 Nxf5 31. exf5 Kg7 32. f6+ Kf8 33. d5 c5 34. a5 c4 35. Nf5 Rg8+ 36. Ng7 Rh8 37. h6 Rh7 38. Nf5 Rh8 39. Nxd6 Rg8+ 40. Kf5 Rg2 41. Nxc4 Rh2 42. Nd6 Rxh6 43. Nxb7 Rh2 44. b4 Ke8 45. Nc5 Rc2 46. Nxa6 Rxc3 47. Ke5 Kd7 48. b5 Ra3 49. Nc5+ Kc8 50. a6 Ra5 51. Kd6 Rxb5 52. a7 Ra5 53. Nd3 Rxa7 54. Ne5 Rc7 55. Nc6 Rd7+ 56. Ke5 Kc7 57. Nd4 Kd8 58. Nc6+ Ke8 59. d6 Rb7 60. Kd5 Rb5+ 61. Kc4 Rf5 0-1


[Site "https://www.chess.com"]

[Event "Titled Tuesday Blitz August 15 Early 2023"]
[White "Weetik, Vjacheslav"]
[Black "Ansh M Shah"]
[WhiteFideId "4153472"]
[BlackFideId "25033379"]
[WhiteElo "2736"]
[BlackElo "2526"]
[Result "1-0"]
[Round "4"]
[TimeControl "180+1"]
[Date "2023.08.15"]
[WhiteClock "0:00:03"]
[BlackClock "0:00:00"]
[Board "66"]

1. c4 Nf6 2. Nc3 c5 3. g3 Nc6 4. Bg2 g6 5. Nf3 Bg7 6. O-O O-O 7. d4 cxd4 8. Nxd4 Nxd4 9. Qxd4 d6 10. Qd2 Rb8 11. b3 a6 12. a4 Nd7 13. a5 Nc5 14. Rb1 b6 15. axb6 Rxb6 16. b4 Bf5 17. e4 Bxc3 18. Qxc3 Nxe4 19. Bxe4 Bxe4 20. Bh6 f6 21. Rbe1 Bf5 22. Bxf8 Qxf8 23. c5 dxc5 24. bxc5 Rc6 25. Rc1 e5 26. Rfd1 Bh3 27. Qa5 Kg7 28. Qd8 Qf7 29. Rd6 Qb7 30. Qxf6+ Kh6 31. Rxc6 1-0


[Site "https://www.chess.com"]

[Event "Titled Tuesday Blitz August 15 Early 2023"]
[White "Mickiewicz, Piotr"]
[Black "Dimitrov, Atanas"]
[WhiteFideId "1114891"]
[BlackFideId "2901315"]
[WhiteElo "2526"]
[BlackElo "2723"]
[Result "0-1"]
[Round "4"]
[TimeControl "180+1"]
[Date "2023.08.15"]
[WhiteClock "0:00:16"]
[BlackClock "0:00:18"]
[Board "67"]

1. e4 c5 2. Nf3 d6 3. d4 cxd4 4. Nxd4 Nf6 5. Nc3 Nc6 6. Bg5 e6 7. Qd2 Be7 8. f3 O-O 9. O-O-O a6 10. h4 Nxd4 11. Qxd4 Qa5 12. Kb1 b5 13. g4 b4 14. Ne2 Bb7 15. Nc1 Rab8 16. Nb3 Qc7 17. h5 h6 18. Be3 Rfc8 19. Qd2 a5 20. Nd4 d5 21. Bxh6 dxe4 22. Bxg7 Kxg7 23. Qg5+ Kh7 24. fxe4 Rg8 25. Qe3 Nxg4 26. Qe2 Ne5 27. Bh3 Rbd8 28. Rhf1 Bc5 29. Bxe6 Bxd4 30. Bf5+ Kh8 31. Qd2 Rd6 32. h6 Nc4 33. Qf4 Be5 34. Qf3 Nd2+ 35. Rxd2 Rxd2 36. h7 Qxc2+ 37. Ka1 Qxb2# 0-1


[Site "https://www.chess.com"]

[Event "Titled Tuesday Blitz August 15 Early 2023"]
[White "Zhao, Jun"]
[Black "Degenbaev, Aziz"]
[WhiteFideId "8602522"]
[BlackFideId "13802640"]
[WhiteElo "2723"]
[BlackElo "2523"]
[Result "0-1"]
[Round "4"]
[TimeControl "180+1"]
[Date "2023.08.15"]
[WhiteClock "0:00:00"]
[BlackClock "0:00:07"]
[Board "68"]

1. e4 c5 2. Nf3 d6 3. d4 cxd4 4. Nxd4 Nf6 5. Nc3 a6 6. Bg5 e6 7. Qe2 Be7 8. O-O-O Nxe4 9. Nxe4 Bxg5+ 10. Kb1 O-O 11. Qh5 Be7 12. Bd3 f5 13. Rhe1 Nc6 14. Nf3 Qe8 15. Qxe8 Rxe8 16. Nc3 b5 17. a4 b4 18. Ne2 d5 19. Ned4 Nxd4 20. Nxd4 Kf7 21. a5 Bd7 22. f4 Bf6 23. Nf3 Rec8 24. Ne5+ Bxe5 25. Rxe5 Rc5 26. g4 g6 27. h4 Rxa5 28. h5 Rc5 29. Rh1 Kg7 30. Re2 Rf8 31. hxg6 hxg6 32. Reh2 Rf7 33. Rh8 Rc8 34. R1h7+ Kf6 35. g5+ Ke7 36. Rxf7+ Kxf7 37. Rh7+ Ke8 38. Rg7 Bb5 39. Rxg6 Kf7 40. Rf6+ Ke7 41. Rg6 Bxd3 42. cxd3 Rh8 43. Rg7+ Kd6 44. Kc2 Rh4 45. Ra7 Rxf4 46. Rxa6+ Ke5 47. g6 Rg4 48. d4+ Kf6 49. Rb6 Rxd4 50. Kb3 Kxg6 51. Rxe6+ Kg5 52. Re8 f4 53. Rf8 Kg4 54. Kc2 f3 55. Rg8+ Kf4 56. Rf8+ Kg3 57. Rg8+ Rg4 58. Rd8 f2 0-1


[Site "https://www.chess.com"]

[Event "Titled Tuesday Blitz August 15 Early 2023"]
[White "Bach Ngoc Thuy Duong"]
[Black "Wong, Yinn Long"]
[WhiteFideId "12408956"]
[BlackFideId "5707684"]
[WhiteElo "2522"]
[BlackElo "2722"]
[Result "0-1"]
[Round "4"]
[TimeControl "180+1"]
[Date "2023.08.15"]
[WhiteClock "0:00:00"]
[BlackClock "0:00:43"]
[Board "69"]

1. d4 Nf6 2. c4 e6 3. Nc3 Bb4 4. Qc2 Nc6 5. Nf3 d6 6. a3 Bxc3+ 7. bxc3 e5 8. d5 Nb8 9. e4 Nbd7 10. Be3 h6 11. h3 b6 12. Be2 a5 13. O-O Nf8 14. Nd2 g5 15. Rfe1 Ng6 16. Bf1 g4 17. f4 exf4 18. Bd4 Ne5 19. hxg4 Bxg4 20. Be2 Bxe2 21. Rxe2 Nfg4 22. Nf3 Rg8 23. Kf1 Kf8 24. Qd2 Qf6 25. Qc1 Re8 26. Rb1 h5 27. Rbb2 Qh6 28. Qe1 Nd3 29. Qh4 Nxb2 30. Rxb2 Ne3+ 31. Ke1 Nxg2+ 0-1


[Site "https://www.chess.com"]

[Event "Titled Tuesday Blitz August 15 Early 2023"]
[White "Leiva, Gianmarco"]
[Black "Lima, Kleyton Alcantara"]
[WhiteFideId "3804399"]
[BlackFideId "22718397"]
[WhiteElo "2721"]
[BlackElo "2521"]
[Result "1/2-1/2"]
[Round "4"]
[TimeControl "180+1"]
[Date "2023.08.15"]
[WhiteClock "0:00:04"]
[BlackClock "0:00:20"]
[Board "70"]

1. e4 c5 2. Nf3 d6 3. Bb5+ Bd7 4. a4 Nf6 5. d3 g6 6. O-O Bg7 7. h3 O-O 8. Re1 a6 9. Bxd7 Nbxd7 10. Nc3 Rc8 11. Be3 h6 12. Qd2 Kh7 13. Bf4 Nb8 14. e5 dxe5 15. Nxe5 Nc6 16. Nxc6 Rxc6 17. Qe2 e6 18. Be5 Nd5 19. Bxg7 Kxg7 20. Qe5+ Qf6 21. Nxd5 exd5 22. Qxd5 Qxb2 23. Rab1 Qxc2 24. Rxb7 Rf6 25. f3 Qxa4 26. Qxc5 Re8 27. Rxe8 Qxe8 28. Qd4 Qe6 29. Rd7 Qb6 30. Kf2 Qxd4+ 31. Rxd4 Rb6 32. Ke3 Rb2 33. g3 Ra2 34. h4 h5 35. Kf4 a5 36. Rd7 a4 37. Ra7 a3 38. d4 Ra1 39. d5 a2 40. d6 Rd1 41. Rxa2 Rxd6 42. Ra4 Rf6+ 43. Ke3 Re6+ 44. Kf2 Rc6 45. Ra2 Rb6 46. Kg2 Rc6 47. Kh3 Rc3 48. Kg2 Rc6 49. Rf2 Rc3 50. Kh3 Rb3 51. Kg2 Rc3 52. Rd2 Ra3 53. Kf2 Rb3 54. Rc2 Ra3 55. Rb2 Rc3 56. Ke2 Ra3 57. Rd2 Ra1 58. Ke3 Ra3+ 59. Ke4 Ra4+ 60. Rd4 Ra5 61. Kf4 Ra3 62. Rb4 Rc3 63. Re4 Ra3 64. Rb4 Ra1 65. g4 hxg4 66. fxg4 Ra5 67. Rc4 Rb5 68. Ra4 Rc5 69. Re4 Ra5 70. Rd4 Rb5 71. Rd3 Rb4+ 72. Kg3 Ra4 73. Rf3 Rb4 74. Rf4 Rb1 75. h5 gxh5 76. gxh5 Rh1 77. Kg4 Rg1+ 78. Kh4 Rh1+ 79. Kg5 f6+ 80. Kg4 Rg1+ 81. Kf5 Rg5+ 82. Ke4 Rxh5 83. Kf3 Kg6 84. Ra4 Rc5 85. Ra3 Kg5 86. Rb3 Rc4 87. Rb8 Kf5 88. Rb5+ Kg6 89. Rd5 Rc3+ 90. Kf4 Ra3 91. Rb5 Ra4+ 92. Kf3 f5 93. Rb8 Kf6 94. Rf8+ Ke5 95. Re8+ Kf6 96. Rf8+ Ke6 97. Ke3 Ra1 98. Kf4 Rf1+ 99. Ke3 Ke5 100. Re8+ Kf6 101. Ke2 Ra1 102. Kf3 Ra3+ 103. Kf4 Ra4+ 104. Kf3 Kf7 105. Rb8 Kg6 106. Rg8+ Kf6 107. Ke3 Ra6 108. Kf4 Ra4+ 109. Kf3 Ra1 110. Rf8+ Ke5 111. Re8+ Kd6 112. Re2 Ra4 113. Re8 Ra3+ 114. Kf4 Ra5 115. Re1 Kd7 116. Kg5 Kd6 117. Kf6 Kd7 118. Rd1+ Kc7 119. Ke6 f4 120. Rd4 f3 121. Rc4+ Kd8 122. Rd4+ Kc7 123. Rc4+ Kd8 124. Rf4 Ra3 125. Kd6 Ke8 126. Ke5 Ke7 127. Ke4 Ra4+ 128. Kxf3 Rxf4+ 129. Kxf4 1/2-1/2


[Site "https://www.chess.com"]

[Event "Titled Tuesday Blitz August 15 Early 2023"]
[White "Ordekalog"]
[Black "Bryakin, Mikhail"]
[BlackFideId "4165314"]
[WhiteElo "2521"]
[BlackElo "2718"]
[Result "0-1"]
[Round "4"]
[TimeControl "180+1"]
[Date "2023.08.15"]
[WhiteClock "0:00:21"]
[BlackClock "0:01:37"]
[Board "71"]

1. d4 g6 2. Nf3 Bg7 3. e3 f5 4. c3 Nf6 5. Qb3 e6 6. Bd3 b6 7. O-O Bb7 8. Na3 O-O 9. Ne5 Qe7 10. Nb5 d6 11. Nf3 a6 12. Na3 Ne4 13. Nc4 Nd7 14. Na5 Ndc5 15. dxc5 Nxc5 16. Nxb7 Nxb3 17. axb3 Ra7 18. Bxa6 Rfa8 19. Na5 Rxa6 20. Nc6 Qe8 21. Rxa6 Rxa6 22. Nb4 Ra1 23. Nc2 Ra8 24. Nfd4 c5 25. Nf3 Qb5 26. b4 Qe2 27. Nd2 Qd3 28. Ne1 Qb5 29. bxc5 bxc5 30. Nc2 Qd3 31. Ne1 Qe2 32. Nc2 h5 33. h4 Bf6 34. g3 g5 35. hxg5 Bxg5 36. Re1 Qd3 37. Na3 h4 38. gxh4 Bxh4 39. Nf3 Kf7 40. Nxh4 Rg8+ 41. Kh2 Qe4 42. f4 Rg4 43. Kh3 Qa8 0-1


[Site "https://www.chess.com"]

[Event "Titled Tuesday Blitz August 15 Early 2023"]
[White "Kuzmin, Roman"]
[Black "Lamaze, Simon"]
[WhiteFideId "44134932"]
[BlackFideId "36069264"]
[WhiteElo "2519"]
[BlackElo "2718"]
[Result "0-1"]
[Round "4"]
[TimeControl "180+1"]
[Date "2023.08.15"]
[WhiteClock "0:00:34"]
[BlackClock "0:00:16"]
[Board "72"]

1. e4 c6 2. d4 d5 3. Nc3 dxe4 4. Nxe4 Nf6 5. Nxf6+ exf6 6. c3 Bd6 7. Bd3 O-O 8. Qc2 Re8+ 9. Ne2 h5 10. O-O h4 11. Bf4 Bxf4 12. Nxf4 Qd6 13. Qd2 Nd7 14. h3 Nf8 15. Rfe1 Bd7 16. Rxe8 Rxe8 17. Re1 Rxe1+ 18. Qxe1 f5 19. Qd2 Nh7 20. Ne2 g5 21. Qe3 Qe6 22. Qxe6 fxe6 23. f4 Kg7 24. g3 hxg3 25. Kg2 b6 26. b4 c5 27. dxc5 bxc5 28. bxc5 Nf6 29. Kxg3 Nh5+ 30. Kf3 Bc6+ 31. Ke3 gxf4+ 32. Nxf4 Nxf4 33. Kxf4 Kf6 34. h4 e5+ 35. Kg3 f4+ 36. Kg4 f3 37. Bf1 a5 38. a3 a4 39. h5 e4 40. Kf4 Kg7 41. Ke3 Kh6 42. Ba6 Kxh5 43. c4 Kh4 44. Bb5 Ba8 45. c6 Kg3 46. c7 Bb7 47. Bc6 f2 48. Bxb7 f1=Q 49. c8=Q Qd3# 0-1


[Site "https://www.chess.com"]

[Event "Titled Tuesday Blitz August 15 Early 2023"]
[White "Akobian, Varuzhan"]
[Black "Tikhonov, Viacheslav"]
[WhiteFideId "13300580"]
[BlackFideId "44196407"]
[WhiteElo "2716"]
[BlackElo "2516"]
[Result "1-0"]
[Round "4"]
[TimeControl "180+1"]
[Date "2023.08.15"]
[WhiteClock "0:00:07"]
[BlackClock "0:00:19"]
[Board "73"]

1. d4 d5 2. c4 e6 3. Nc3 c5 4. cxd5 exd5 5. Nf3 Nc6 6. g3 Nf6 7. Bg2 cxd4 8. Nxd4 Bc5 9. Nb3 Bb6 10. O-O d4 11. Na4 O-O 12. Bg5 Re8 13. Nxb6 axb6 14. e3 d3 15. Qd2 Bf5 16. Rfc1 Qd6 17. f3 Be6 18. Bxf6 gxf6 19. Rc3 Nb4 20. a3 Nc2 21. Rxd3 Qxd3 22. Qxd3 Bxb3 23. Rc1 Rxe3 24. Qd2 Rae8 25. Rxc2 Re1+ 26. Kf2 Bxc2 27. Qxc2 Kg7 28. f4 R1e7 29. Bf3 Rd8 30. Qc3 Red7 31. g4 Rd2+ 32. Ke3 Rxh2 33. g5 Rd6 34. gxf6+ Rxf6 35. f5 Rh6 36. Kf4 Kf8 37. Qc8+ Kg7 38. Qxb7 Rd6 39. Bd5 Rhf6 40. Ke5 h5 41. Qe7 h4 42. Qxd6 Rxd6 43. Kxd6 Kf6 44. Kc6 Kxf5 45. Bxf7 Ke5 46. Kxb6 h3 47. Be8 h2 48. Bc6 Kd6 49. a4 h1=Q 50. Bxh1 1-0


[Site "https://www.chess.com"]